 Dungeon Crawl Stone Soup version 0.17.1-1-g73c8601 (webtiles) character file.

79 Alreadydead the Changer (level 4, 0/28 HPs)
             Began as an Octopode Transmuter on Dec 26, 2015.
             Succumbed to an adder's poison
             ... on level 2 of the Dungeon.
             The game lasted 00:02:56 (1819 turns).

Alreadydead the Changer (Octopode Transmuter)       Turns: 1819, Time: 00:02:56

Health: 0/28       AC:  2    Str:  9    XL:     4   Next: 37%
Magic:  0/7        EV: 20    Int: 15    God:
Gold:   42         SH:  0    Dex: 18    Spells: 3 memorised, 1 level left

rFire  . . .     SeeInvis .       - Unarmed
rCold  . . .     Clarity  .     (shield currently unavailable)
rNeg   . . .     SustAt   .     (helmet currently unavailable)
rPois  x         Gourm    .     (no amulet)
rElec  .         Spirit   .     (no ring)
rCorr  .         Warding  .     (no ring)
rMut   .         Stasis   .     (no ring)
MR     .....                    (no ring)
Stlth  ++........               (no ring)
                                (no ring)
                                (no ring)
                                (no ring)

@: lethally poisoned (0 -> -6), spider-form (expiring), very slightly
contaminated, slowed, very slow, not resistant to hostile enchantments,
unstealthy
A: almost no armour, amphibious, 8 rings, (constrict 8), (camouflage 0),
(gelatinous body 0)
a: End Transformation


You were on level 2 of the Dungeon.
You were very hungry.
You were a venomous arachnid creature.
You visited 1 branch of the dungeon, and saw 2 of its levels.

You collected 42 gold pieces.

Inventory:

Missiles
 a - 58 arrows
Scrolls
 d - a scroll of recharging {unknown}
Potions
 f - a potion of mutation
Books
 b - a book of Changes

   Spells                             Type                      Level
   a - Beastly Appendage              Transmutation                1
   b - Sticks to Snakes               Transmutation                2
   c - Spider Form                    Transmutation/Poison         3
   d - Ice Form                       Ice/Transmutation            4
   e - Blade Hands                    Transmutation                5
Comestibles
 c - a bread ration
 g - 2 meat rations


   Skills:
 - Level 1.0 Fighting
 - Level 2.0 Dodging
 - Level 3.0 Unarmed Combat
 - Level 2.0 Spellcasting
 + Level 4.4 Transmutations


You had one spell level left.
You knew the following spells:

 Your Spells              Type           Power        Failure   Level  Hunger
a - Beastly Appendage     Trmt           ##....       14%         1    #......
b - Sticks to Snakes      Trmt           ##........   21%         2    ###....
c - Spider Form           Trmt/Pois      #.........   52%         3    ###....


Dungeon Overview and Level Annotations

Branches:
Dungeon (2/15)

Altars:


Innate Abilities, Weirdness & Mutations

You cannot wear most types of armour.
You are amphibious.
You can wear up to eight rings at the same time.
((You can use your tentacles to constrict eight enemies at once.))
((Your skin changes colour to match your surroundings (Stealth).))
((Your rubbery body absorbs attacks (AC +1).))


Message History

Unknown command.
You closely miss the adder.
* * * LOW HITPOINT WARNING * * *
You feel sick. The adder completely misses you. The jackal bites you.
* * * LOW HITPOINT WARNING * * *
The adder completely misses you. The jackal barely misses you.
Unknown command.
You closely miss the adder.
* * * LOW HITPOINT WARNING * * *
You feel sick. The adder completely misses you.
The jackal bites you but does no damage.
The adder bites you.
* * * LOW HITPOINT WARNING * * *
The jackal closely misses you.
Drink which item? (? for menu, Esc to quit)
Okay, then.
You hit the adder.
The adder is poisoned.
The adder is heavily wounded.
Your transformation is almost over.
You die...

.(..K.#.# #.# ... ........
#......# #.# #.# #.......
#.# #.####.# ### #..#...#
#g# #....#.# #.# #..#...#
#.# ####.#.# #.#..#... ..#
#h# ####.#.##.# #.#..###.##
#.# #..†.....## ##........#
#.###.##.#hg#.###.#..###..#
#.....##hSs....#.....# #..#
#.....#####..##.##...# #..#
##....# #.#.###....###..#
##.#.# #.##.#..........#
#.#.# #.###...#..###..#
#.#.# #..........# #<.#
#.#.. >.........#.## #.÷.
#.### #.#.##......# #...
#.# #.............#...


You could see an adder, 2 jackals and a hobgoblin.

Vanquished Creatures
  Ijyb (D:2)
  An adder (D:1)
  An ooze (D:1)
  2 giant geckos (D:1)
  A bat (D:2)
  A giant cockroach (D:1)
  3 goblins (D:1)
  6 hobgoblins (D:1)
  10 jackals
  2 kobolds (D:1)
  A giant newt (D:1)
  5 rats
34 creatures vanquished.

Notes
Turn   | Place    | Note
--------------------------------------------------------------
     0 | D:1      | Alreadydead the Octopode Transmuter began the quest for the Orb.
     0 | D:1      | Reached XP level 1. HP: 13/13 MP: 3/3
    91 | D:1      | Reached XP level 2. HP: 8/18 MP: 5/5
   463 | D:1      | Learned a level 2 spell: Sticks to Snakes
   726 | D:1      | Reached XP level 3. HP: 3/23 MP: 6/6
  1264 | D:1      | Learned a level 3 spell: Spider Form
  1746 | D:2      | Reached skill level 4 in Transmutations
  1789 | D:2      | Noticed Ijyb
  1803 | D:2      | Killed Ijyb
  1803 | D:2      | Reached XP level 4. HP: 14/28 MP: 1/7
  1818 | D:2      | HP: 1/28 [adder (1)]
  1819 | D:2      | Succumbed to an adder's poison

Action                   |  1- 3 |  4- 6 || total
-------------------------+-------+-------++-------
Melee: Unarmed           |    85 |     5 ||    90
 Cast: Sticks to Snakes  |     2 |       ||     2
       Beastly Appendage |     1 |       ||     1
       Spider Form       |       |     1 ||     1
  Use: Scroll            |     2 |       ||     2
 Stab: Sleeping          |     7 |       ||     7
       Distracted        |     1 |       ||     1
  Eat: Chunk             |     2 |       ||     2
